Workbook
Name StartingBalance: #REF!

Sheet Expenses
A1: UCLA Bearospace
A2: 2018-2019 Budget
C4: Expense | D4: Projected Units | E4: Projected Unit Price | F4: Projected Total Price | G4: Actual Units | H4: Actual Unit Price | I4: Actual Total Price
A5: Structures | C5: Totals: | F5: =sum(F6:F11) -> 475 | I5: =SUM(I6:I11) -> 0
C6: Body Tube | D6: 1 | E6: 216 | F6: 256 | I6: =H6*G6 -> 0
C7: Coupler | D7: 1 | E7: 45 | F7: 55 | I7: =H7*G7 -> 0
C8: Motor Mount & Ring/Epoxy | D8: 1 | E8: 100 | F8: =D8*E8 -> 100 | I8: =H8*G8 -> 0
C9: Phenolic Tube | D9: 1 | E9: 15 | F9: 15
C10: RocketPoxy | D10: 1 | E10: 49 | F10: 49
F11: =D11*E11 -> 0 | I11: =H11*G11 -> 0
A12: Electrical | C12: Totals: | F12: =sum(F13:F34) -> 123.07 | I12: =SUM(I13:I34) -> 0
C13: RRC3 Sport Altimeter | D13: 1 | E13: 69.95 | F13: =D13*E13 -> 69.95 | I13: =H13*G13 -> 0
C14: SR44 Silver Oxide Battery | D14: 2 | E14: 5.65 | F14: =D14*E14 -> 11.3 | I14: =H14*G14 -> 0
C15: Battery Cell Holders (N-type) | D15: 2 | E15: 1.03 | F15: =D15*E15 -> 2.06 | I15: =H15*G15 -> 0
C16: MPU6050 3 Axis Accelerometer Gyroscope Module | D16: 1 | E16: 5.39 | F16: =D16*E16 -> 5.39 | I16: =H16*G16 -> 0
C17: SD Card Player Modules (x5) | D17: 1 | E17: 6.39 | F17: =D17*E17 -> 6.39 | I17: =H17*G17 -> 0
C18: LR44 Button Cell Battery | D18: 3 | E18: 1.51 | F18: 11
C19: Arduino Uno | D19: 1 | E19: 16.98 | F19: =D19*E19 -> 16.98 | I19: =H19*G19 -> 0
F20: =D20*E20 -> 0 | I20: =H20*G20 -> 0
F21: =D21*E21 -> 0 | I21: =H21*G21 -> 0
F22: =D22*E22 -> 0 | I22: =H22*G22 -> 0
F23: =D23*E23 -> 0 | I23: =H23*G23 -> 0
F24: =D24*E24 -> 0 | I24: =H24*G24 -> 0
F25: =D25*E25 -> 0 | I25: =H25*G25 -> 0
F26: =D26*E26 -> 0 | I26: =H26*G26 -> 0
F27: =D27*E27 -> 0 | I27: =H27*G27 -> 0
F28: =D28*E28 -> 0 | I28: =H28*G28 -> 0
F29: =D29*E29 -> 0 | I29: =H29*G29 -> 0
F30: =D30*E30 -> 0 | I30: =H30*G30 -> 0
F31: =D31*E31 -> 0 | I31: =H31*G31 -> 0
... F34: =D34*E34 -> 0 | I34: =H34*G34 -> 0
A35: Tools | C35: Totals: | F35: =sum(F36:F46) -> 137 | I35: =SUM(I36:I46) -> 0
C36: Dremel Rotary Tool & Kit | D36: 1 | E36: 130 | F36: =D36*E36 -> 130 | I36: =H36*G36 -> 0
C37: Dremel Blades | D37: 1 | E37: 7 | F37: =D37*E37 -> 7 | I37: =H37*G37 -> 0
F38: =D38*E38 -> 0 | I38: =H38*G38 -> 0
F39: =D39*E39 -> 0 | I39: =H39*G39 -> 0
F40: =D40*E40 -> 0 | I40: =H40*G40 -> 0
F41: =D41*E41 -> 0 | I41: =H41*G41 -> 0
F42: =D42*E42 -> 0 | I42: =H42*G42 -> 0
F43: =D43*E43 -> 0 | I43: =H43*G43 -> 0
F44: =D44*E44 -> 0 | I44: =H44*G44 -> 0
F45: =D45*E45 -> 0 | I45: =H45*G45 -> 0
F46: =D46*E46 -> 0 | I46: =H46*G46 -> 0
A47: Recovery | C47: Totals: | F47: =sum(F48:F53) -> 0 | I47: =SUM(I48:I53) -> 0
F48: =D48*E48 -> 0 | I48: =H48*G48 -> 0
F49: =D49*E49 -> 0 | I49: =H49*G49 -> 0
F50: =D50*E50 -> 0 | I50: =H50*G50 -> 0
F51: =D51*E51 -> 0 | I51: =H51*G51 -> 0
F52: =D52*E52 -> 0 | I52: =H52*G52 -> 0
F53: =D53*E53 -> 0 | I53: =H53*G53 -> 0
A54: Safety | C54: Totals: | F54: =sum(F55:F57) -> 108.35 | I54: =SUM(I55:I57) -> 0
C55: Gloves (100 pack) | D55: 1 | E55: 30.75 | F55: =D55*E55 -> 30.75 | I55: =H55*G55 -> 0
C56: Masks | D56: 4 | E56: 15 | F56: =D56*E56 -> 60 | I56: =H56*G56 -> 0
C57: Goggles | D57: 2 | E57: 8.8 | F57: =D57*E57 -> 17.6 | I57: =H57*G57 -> 0
A58: Travel | C58: Totals: | F58: =sum(F59:F66) -> 4207.81 | I58: =SUM(I59:I69) -> 0
C59: Plane Tickets (Round Trip) | D59: 2 | E59: 409.96 | F59: =D59*E59 -> 819.92
C60: Plane Tickets (Round Trip) | D60: 4 | E60: 174.27 | F60: =D60*E60 -> 697.08 | I60: =H60*G60 -> 0
C61: Car Rental 1 | D61: 1 | E61: 443.81 | F61: 443.81
C62: Car Rental 2 | D62: 1 | E62: 377 | F62: =D62*E62 -> 377
C63: Shuttle to LAX | D63: 6 | E63: 10 | F63: =D63*E63 -> 60 | I63: =H63*G63 -> 0
C64: Uber to UCLA | D64: 2 | E64: 60 | F64: =D64*E64 -> 120 | I64: =H64*G64 -> 0
C65: Plane Tickets (Round Trip) | D65: 4 | E65: 410 | F65: =D65*E65 -> 1640 | I65: =H65*G65 -> 0
C66: Gas | D66: 1 | E66: 50 | F66: =D66*E66 -> 50
A67: Fundraising | C67: Totals: | F67: =sum(F68:F69) -> -2047
C68: Supplies and Materials | D68: 1 | E68: -407 | F68: =D68*E68 -> -407
C69: Plane Tickets (Round Trip) | D69: 4 | E69: -410 | F69: =D69*E69 -> -1640 | I69: =H69*G69 -> 0
C70: Grand Total | F70: =F5+F12+F35+F54+F58+F67 -> 3004.23 | I70: =I54+I47+I35+I12+I5+I58 -> 0

Sheet Ledger
A1: Line Item | B1: Company | C1: Date | D1: Income | E1: Expense | F1: Balance
D2: =SUM(D3:D1000) -> 2000 | E2: =SUM(E3:E1000) -> 513.75 | F2: =D2-E2 -> 1486.25
A3: 2016 Prize Money | B3: Nat. Space Grant | C3: 42547 | D3: 1000
A4: 2017 Prize Money | B4: Nat Psace Grant | C4: 42912 | D4: 1000
A5: Body Tube & Coupler | B5: Public Missiles | C5: 42807 | E5: 513.75

Sheet Summary
C3: ABOUT THIS SHEET | K3: NOTE
C4: This sheet generates a summary of your spending based on data in the 'Expenses' and 'Income' tabs. | K4: Please don't edit this sheet.
C5: Make sure you've set a starting balance in the 'Setup' tab before beginning. | K5: It contains formulas and will update automatically.
C21: Summary
D22: =Expenses!E4 -> Projected Unit Price | E22: =Expenses!D4 -> Projected Units | F22: =#REF! -> #REF! | G22: =Expenses!F4 -> Projected Total Price | H22: =Expenses!I4 -> Actual Total Price | I22: =#REF! -> #REF! | J22: =#REF! -> #REF! | K22: =#REF! -> #REF! | L22: =#REF! -> #REF! | M22: =#REF! -> #REF! | N22: =#REF! -> #REF! | O22: =#REF! -> #REF! | P22: Total | Q22: Average
C23: Income | D23: =sum(D31:D41) -> 0 | E23: =sum(E31:E41) -> 0 | F23: =sum(F31:F41) -> 0 | G23: =sum(G31:G41) -> 0 | H23: =sum(H31:H41) -> 0 | I23: =sum(I31:I41) -> 0 | J23: =sum(J31:J41) -> 0 | K23: =sum(K31:K41) -> 0 | ... O23: =sum(O31:O41) -> 0 | P23: =sum(D23:O23) -> 0 | Q23: =iferror(averageif(D23:O23, ">0", D23:O23), 0) -> 0
C24: Expenses | D24: =sum(D44:D58) -> 0 | E24: =sum(E44:E58) -> 0 | F24: =sum(F44:F58) -> 3004.23 | G24: =sum(G44:G58) -> 0 | H24: =sum(H44:H58) -> 0 | I24: =sum(I44:I58) -> 0 | J24: =sum(J44:J58) -> 0 | K24: =sum(K44:K58) -> 0 | ... O24: =sum(O44:O58) -> 0 | P24: =sum(D24:O24) -> 3004.23 | Q24: =iferror(averageif(D24:O24, ">0", D24:O24), 0) -> 3004.23
C25: Net savings | D25: =D23-D24 -> 0 | E25: =E23-E24 -> 0 | F25: =F23-F24 -> -3004.23 | G25: =G23-G24 -> 0 | H25: =H23-H24 -> 0 | I25: =I23-I24 -> 0 | J25: =J23-J24 -> 0 | K25: =K23-K24 -> 0 | ... O25: =O23-O24 -> 0 | P25: =sum(D25:O25) -> -3004.23 | Q25: =iferror(averageif(D25:O25, ">0", D25:O25), 0) -> 0
C26: Ending balance | D26: =(StartingBalance+D23)-D24 -> #REF! | E26: =(D26+E23)-E24 -> #REF! | F26: =(E26+F23)-F24 -> #REF! | G26: =(F26+G23)-G24 -> #REF! | H26: =(G26+H23)-H24 -> #REF! | I26: =(H26+I23)-I24 -> #REF! | J26: =(I26+J23)-J24 -> #REF! | K26: =(J26+K23)-K24 -> #REF! | L26: =(K26+L23)-L24 -> #REF! | ... O26: =(N26+O23)-O24 -> #REF! | Q26: =iferror(averageif(D26:O26, ">0", D26:O26))
C29: Income
B30: Row # | C30: =IFERROR(__xludf.DUMMYFUNCTION("unique(Income!A:A)"),"#REF!") -> #REF! | D30: =Expenses!E4 -> Projected Unit Price | E30: =Expenses!D4 -> Projected Units | F30: =#REF! -> #REF! | G30: =Expenses!F4 -> Projected Total Price | H30: =Expenses!I4 -> Actual Total Price | I30: =#REF! -> #REF! | J30: =#REF! -> #REF! | K30: =#REF! -> #REF! | L30: =#REF! -> #REF! | M30: =#REF! -> #REF! | N30: =#REF! -> #REF! | O30: =#REF! -> #REF! | P30: Total | Q30: Average
B31: {=iferror(match(C31:C40,Income!A:A,0))} | D31: =if(not(isblank(B31)), indirect("Income!D"&B31&":Q"&B31),"")
D32: =if(not(isblank(B32)), indirect("Income!D"&B32&":Q"&B32),"")
D33: =if(not(isblank(B33)), indirect("Income!D"&B33&":Q"&B33),"")
D34: =if(not(isblank(B34)), indirect("Income!D"&B34&":Q"&B34),"")
D35: =if(not(isblank(B35)), indirect("Income!D"&B35&":Q"&B35),"")
D36: =if(not(isblank(B36)), indirect("Income!D"&B36&":Q"&B36),"")
D37: =if(not(isblank(B37)), indirect("Income!D"&B37&":Q"&B37),"")
D38: =if(not(isblank(B38)), indirect("Income!D"&B38&":Q"&B38),"")
D39: =if(not(isblank(B39)), indirect("Income!D"&B39&":Q"&B39),"")
D40: =if(not(isblank(B40)), indirect("Income!D"&B40&":Q"&B40),"")
C42: Expenses
B43: Row # | C43: =IFERROR(__xludf.DUMMYFUNCTION("unique(Expenses!A:A)"),"UCLA Bearospace") -> UCLA Bearospace | D43: =Expenses!E4 -> Projected Unit Price | E43: =Expenses!D4 -> Projected Units | F43: =#REF! -> #REF! | G43: =Expenses!F4 -> Projected Total Price | H43: =Expenses!I4 -> Actual Total Price | I43: =#REF! -> #REF! | J43: =#REF! -> #REF! | K43: =#REF! -> #REF! | L43: =#REF! -> #REF! | M43: =#REF! -> #REF! | N43: =#REF! -> #REF! | O43: =#REF! -> #REF! | P43: Total | Q43: Average
B44: {=iferror(match(C44:C58,Expenses!A:A,0))} -> 2 | C44: =IFERROR(__xludf.DUMMYFUNCTION("""COMPUTED_VALUE"""),"2018-2019 Budget") -> 2018-2019 Budget | D44: =if(not(isblank(B44)), indirect("Expenses!D"&B44&":Q"&B44),"")
C45: =IFERROR(__xludf.DUMMYFUNCTION("""COMPUTED_VALUE"""),"") | D45: =if(not(isblank(B45)), indirect("Expenses!D"&B45&":Q"&B45),"")
B46: 5 | C46: =IFERROR(__xludf.DUMMYFUNCTION("""COMPUTED_VALUE"""),"Structures") -> Structures | D46: =if(not(isblank(B46)), indirect("Expenses!D"&B46&":Q"&B46),"") | F46: 475 | I46: 0
B47: 12 | C47: =IFERROR(__xludf.DUMMYFUNCTION("""COMPUTED_VALUE"""),"Electrical") -> Electrical | D47: =if(not(isblank(B47)), indirect("Expenses!D"&B47&":Q"&B47),"") | F47: 123.07 | I47: 0
B48: 35 | C48: =IFERROR(__xludf.DUMMYFUNCTION("""COMPUTED_VALUE"""),"Tools") -> Tools | D48: =if(not(isblank(B48)), indirect("Expenses!D"&B48&":Q"&B48),"") | F48: 137 | I48: 0
B49: 47 | C49: =IFERROR(__xludf.DUMMYFUNCTION("""COMPUTED_VALUE"""),"Recovery ") -> Recovery | D49: =if(not(isblank(B49)), indirect("Expenses!D"&B49&":Q"&B49),"") | F49: 0 | I49: 0
B50: 54 | C50: =IFERROR(__xludf.DUMMYFUNCTION("""COMPUTED_VALUE"""),"Safety") -> Safety | D50: =if(not(isblank(B50)), indirect("Expenses!D"&B50&":Q"&B50),"") | F50: 108.35 | I50: 0
B51: 58 | C51: =IFERROR(__xludf.DUMMYFUNCTION("""COMPUTED_VALUE"""),"Travel") -> Travel | D51: =if(not(isblank(B51)), indirect("Expenses!D"&B51&":Q"&B51),"") | F51: 4207.81 | I51: 0
B52: 67 | C52: =IFERROR(__xludf.DUMMYFUNCTION("""COMPUTED_VALUE"""),"Fundraising") -> Fundraising | D52: =if(not(isblank(B52)), indirect("Expenses!D"&B52&":Q"&B52),"") | F52: -2047
D53: =if(not(isblank(B53)), indirect("Expenses!D"&B53&":Q"&B53),"")
D54: =if(not(isblank(B54)), indirect("Expenses!D"&B54&":Q"&B54),"")
D55: =if(not(isblank(B55)), indirect("Expenses!D"&B55&":Q"&B55),"")
D56: =if(not(isblank(B56)), indirect("Expenses!D"&B56&":Q"&B56),"")
D57: =if(not(isblank(B57)), indirect("Expenses!D"&B57&":Q"&B57),"")
D58: =if(not(isblank(B58)), indirect("Expenses!D"&B58&":Q"&B58),"")
D59: =if(not(isblank(B59)), indirect("Expenses!D"&B59&":Q"&B59),"")
D60: =if(not(isblank(B60)), indirect("Expenses!D"&B60&":Q"&B60),"")
D61: =if(not(isblank(B61)), indirect("Expenses!D"&B61&":Q"&B61),"")
D62: =if(not(isblank(B62)), indirect("Expenses!D"&B62&":Q"&B62),"")
D63: =if(not(isblank(B63)), indirect("Expenses!D"&B63&":Q"&B63),"")
D64: =if(not(isblank(B64)), indirect("Expenses!D"&B64&":Q"&B64),"")
... D80: =if(not(isblank(B80)), indirect("Expenses!D"&B80&":Q"&B80),"")
